 Dungeon Crawl Stone Soup version 0.22.0-38-g04b72b8c25 (webtiles) character file.

75 Jynx the Grasshopper (level 4, -2/22 HPs)
             Began as a Spriggan Warper on Aug 27, 2018.
             Slain by Grinder (3 damage)
             ... on level 3 of the Dungeon.
             The game lasted 00:06:20 (3180 turns).

Jynx the Grasshopper (Spriggan Warper)              Turns: 3180, Time: 00:06:21

Health: -2/22      AC:  2    Str:  7    XL:     4   Next: 11%
Magic:  4/9        EV: 19    Int: 14    God:
Gold:   129        SH:  0    Dex: 16    Spells: 5/9 levels left

rFire    . . .     SeeInvis +   a - +0 short sword
rCold    . . .     Gourm    .   (shield restricted)
rNeg     . . .     Faith    .   b - +0 robe
rPois    .         Spirit   .   (helmet restricted)
rElec    .         Reflect  .   (no cloak)
rCorr    .         Harm     .   (gloves unavailable)
MR       .....                  (boots unavailable)
Stlth    ++........             (no amulet)
HPRegen  0.07/turn              (no ring)
MPRegen  0.11/turn              (no ring)

@: very slightly contaminated, very quick
A: very small, unfitting armour, see invisible, herbivore, speed 3, slow
metabolism 2
a: no special abilities


You were on level 3 of the Dungeon.
You were hungry.

You visited 1 branch of the dungeon, and saw 3 of its levels.

You collected 129 gold pieces.

Inventory:

Hand Weapons
 a - a +0 short sword (weapon)
Missiles
 e - 5 tomahawks of dispersal (quivered)
 n - 29 poisoned needles
 s - 3 tomahawks
Armour
 b - a +0 robe (worn)
Wands
 j - a wand of paralysis (12)
Scrolls
 d - a scroll of blinking
 h - 2 scrolls of remove curse {unknown}
 i - a scroll of identify {unknown}
 m - a scroll of fear {unknown}
 q - a scroll of magic mapping {unknown}
Potions
 c - a potion of flight {unknown}
 g - 3 potions of invisibility {unknown}
 k - a potion of haste {unknown}
 l - a potion of curing {unknown}
 o - a potion of mutation {unknown}
 p - a potion of resistance {unknown}
 r - 2 potions of might {unknown}
Comestibles
 f - 12 rations


   Skills:
 - Level 1.5 Fighting
 + Level 3.1 Short Blades
 - Level 1.0 Throwing
 - Level 3.5 Dodging
 + Level 3.0 Stealth
 - Level 3.1 Spellcasting
 * Level 5.5 Translocations


You had 5 spell levels left.
You knew the following spells:

 Your Spells              Type           Power        Failure   Level  Hunger
a - Blink                 Tloc           N/A          3%          2    ##.....
b - Shroud of Golubria    Chrm/Tloc      #.........   11%         2    ##.....

Your spell library contained the following spells:

 Spells                   Type           Power        Failure   Level  Hunger
 Gell's Gravitas          Tloc           ###.......   6%          3    ###....
 Lesser Beckoning         Tloc           ###.......   6%          3    ###....
 Teleport Other           Tloc           ###.....     6%          3    ###....
 Passage of Golubria      Tloc           N/A          22%         4    #####..


Dungeon Overview and Level Annotations

Branches:
Dungeon (3/15)

Altars:
Dithmenos
Fedhas

Annotations:
D:3 Grinder


Innate Abilities, Weirdness & Mutations

You are very small and have problems with some larger weapons.
You are too small for most types of armour.
You have supernaturally acute eyesight. (SInv)
You are a herbivore.
You cover ground extremely quickly.
You need to consume almost no food.


Message History

Casting: Shroud of Golubria (safe; 11% risk of failure)
Confirm with . or Enter, or press ? or * to list all spells.
Space distorts slightly along a thin shroud covering your body.
Grinder blinks!
You barely miss Grinder. Grinder gestures at you. You resist with some effort.
You hit Grinder but do no damage. Grinder gestures at you.
Pain shoots through your body!
You barely miss Grinder. Grinder gestures at you. You resist with some effort.
You hit Grinder.
Grinder is lightly wounded.
Grinder hits you!
Ouch! That really hurt!
* * * LOW HITPOINT WARNING * * *
You writhe in agony.
You die...

###.#.#.###.....#
##..#.#..##.....#
#...#.#...#.....##
#..P#.#.P.#..รท...###.#
#.PP#.#...#..........#
#...###...#......#####
#.........#......#
##.......##......#
###.P.P.###.....@#
###########.....5#
.............)...#
.............)...###
...................#
..###.#########....##
######## #.........# #
#P.PP. #.........#
##...... #.......[.#


You could see Grinder.

Vanquished Creatures
  2 adders
  3 oozes
  A dart slug (D:2)
  3 leopard geckos
  2 ball pythons
  4 goblins
  3 hobgoblins
  A quokka (D:3)
  9 bats
  6 frilled lizards
  4 kobolds
  8 rats
46 creatures vanquished.

Vanquished Creatures (others)
  A bat (D:2)
1 creature vanquished.

Grand Total: 47 creatures vanquished

Notes
Turn   | Place    | Note
-------+----------+-------------------------------------------
     0 | D:1      | Jynx the Spriggan Warper began the quest for the Orb.
     0 | D:1      | Reached XP level 1. HP: 10/10 MP: 5/5
   233 | D:1      | Reached skill level 1 in Stealth
   433 | D:1      | Reached XP level 2. HP: 10/14 MP: 7/7
   897 | D:1      | Learned a level 2 spell: Blink
   900 | D:1      | Learned a level 2 spell: Shroud of Golubria
  1717 | D:2      | Reached XP level 3. HP: 18/18 MP: 8/8
  2025 | D:2      | Reached skill level 5 in Translocations
  2256 | D:3      | Found a shadowy altar of Dithmenos.
  2778 | D:3      | Noticed Grinder
  2798 | D:3      | Found a blossoming altar of Fedhas.
  2865 | D:3      | Reached XP level 4. HP: 10/22 MP: 6/9
  3167 | D:3      | Paralysed by Grinder for 6 turns
  3180 | D:3      | HP: 1/22 [Grinder (11)]
  3180 | D:3      | Slain by Grinder

Skill      XL: |  1  2  3  4 |
---------------+-------------+-----
Stealth        | 1 2 3 |  3.0
Spellcasting   | 3 |  3.1
Translocations | 5 |  5.5
Short Blades   | 3 |  3.1
Fighting       | |  1.5
Throwing       | |  1.0
Dodging        | |  3.5

Action                   |  1- 3 |  4- 6 || total
-------------------------+-------+-------++-------
Melee: Short sword       |   192 |    20 ||   212
 Cast: Shroud of Golubri |     7 |     1 ||     8
       Blink             |     2 |       ||     2
 Stab: Sleeping          |     6 |       ||     6
Armor: Robe              |    39 |       ||    39
Dodge: Dodged            |   253 |    10 ||   263
